3A
MYRTLE BEACH SEAHAWKS @ NEBRASKA PLAINSMEN
07/03/2032
 
TOP OF THE 1ST
Myrtle Beach Seahawks batting - Pitching for Nebraska Plainsmen : RHP Peter Livengood
Pitching: RHP Peter Livengood
Batting: LHB Augusto Reyes 0-0: Called Strike
0-1: Foul Ball, location: 2F
0-2: Ball
1-2: Fly out, F8 (Line Drive, 8LD)
Batting: SHB Dong-joo Yu 0-0: Swinging Strike
0-1: Ball
1-1: Ball
2-1: Foul Ball, location: 2F
2-2: Foul Ball, location: 2F
2-2: Fly out, F8 (Line Drive, 8LS)
Batting: LHB Marc Ben 0-0: SINGLE (Flyball, 9LM)
Batting: RHB Thomas Feliciano 0-0: Ball
1-0: Called Strike
1-1: Called Strike
1-2: Foul Ball, location: 2F
1-2: Ball
2-2: Ball
3-2: SINGLE (Line Drive, 6MD)
Marc Ben to second
Marc Ben to third
Batting: RHB Lucas Gallant 0-0: Ball
1-0: Called Strike
1-1: Foul Ball, location: 2F
1-2: Foul Ball, location: 2F
1-2: Foul Ball, location: 2F
1-2: Strikes out looking
Top of the 1st over - 0 runs, 2 hits, 0 errors, 2 left on base; Myrtle Beach 0 - Nebraska 0
BOTTOM OF THE 1ST
Nebraska Plainsmen batting - Pitching for Myrtle Beach Seahawks : RHP Kyle Overhill
Pitching: RHP Kyle Overhill
Batting: LHB Nathan Housden 0-0: Ball
1-0: Ball
2-0: Called Strike
2-1: DOUBLE (Line Drive, 9LS)
Batting: SHB Roger Dorn 0-0: Ball
1-0: Foul Ball, location: 2F
1-1: Foul Ball, location: 2F
1-2: Ball
2-2: Ball
3-2: SINGLE (Flyball, 7S)
Nathan Housden to third
Batting: SHB Ezequiel Oacia 0-0: Swinging Strike
0-1: Ball
1-1: Ball
2-1: Grounds into double play, 4-6-3 (Groundball, 4)
Nathan Housden scores
Batting: RHB Gary Mosley 0-0: Called Strike
0-1: Fly out, F3 (Popup, 3SF)
Bottom of the 1st over - 1 run, 2 hits, 0 errors, 0 left on base; Myrtle Beach 0 - Nebraska 1
TOP OF THE 2ND
Myrtle Beach Seahawks batting - Pitching for Nebraska Plainsmen : RHP Peter Livengood
Batting: RHB Theo Wrighton 0-0: Called Strike
0-1: Called Strike
0-2: Ball
1-2: Ground out 5-3 (Groundball, 56S)
Batting: SHB Faradur Umrani 0-0: Fly out, F3 (Line Drive, 3L)
Batting: RHB Bedrettin Suker 0-0: Ball
1-0: Foul Ball, location: 2F
1-1: Called Strike
1-2: Strikes out swinging, 2-3 out at first.
Top of the 2nd over - 0 runs, 0 hits, 0 errors, 0 left on base; Myrtle Beach 0 - Nebraska 1
BOTTOM OF THE 2ND
Nebraska Plainsmen batting - Pitching for Myrtle Beach Seahawks : RHP Kyle Overhill
Batting: RHB Diego Martínez 0-0: Ball
1-0: Ball
2-0: Called Strike
2-1: Swinging Strike
2-2: Foul Ball, location: 2F
2-2: Ball
3-2: Foul Ball, location: 2F
3-2: Strikes out swinging
Batting: SHB Jorge Iglésias 0-0: Ball
1-0: Foul Ball, location: 2F
1-1: Ball
2-1: Swinging Strike
2-2: Ground out 5-3 (Groundball, 56S)
Batting: RHB Adam Jensson 0-0: Ball
1-0: Called Strike
1-1: Ball
2-1: SINGLE (Groundball, 56S) (infield hit)
Batting: RHB Tomas van Noord 0-0: Called Strike
0-1: Ball
1-1: Fly out, F9 (Flyball, 89M)
Bottom of the 2nd over - 0 runs, 1 hit, 0 errors, 1 left on base; Myrtle Beach 0 - Nebraska 1
TOP OF THE 3RD
Myrtle Beach Seahawks batting - Pitching for Nebraska Plainsmen : RHP Peter Livengood
Batting: RHB Al Ellis 0-0: Foul Ball, location: 2F
0-1: Foul Ball, location: 2F
0-2: Ball
1-2: Ball
2-2: Strikes out swinging
Batting: LHB Augusto Reyes 0-0: Called Strike
0-1: Swinging Strike
0-2: Foul Ball, location: 2F
0-2: Ball
1-2: Strikes out swinging
Batting: SHB Dong-joo Yu 0-0: Ball
1-0: Ball
2-0: Foul Ball, location: 2F
2-1: Called Strike
2-2: Foul Ball, location: 2F
2-2: Strikes out swinging
Top of the 3rd over - 0 runs, 0 hits, 0 errors, 0 left on base; Myrtle Beach 0 - Nebraska 1
BOTTOM OF THE 3RD
Nebraska Plainsmen batting - Pitching for Myrtle Beach Seahawks : RHP Kyle Overhill
Batting: SHB Amadeo Álvarez 0-0: Called Strike
0-1: DOUBLE (Line Drive, 8RD)
Batting: LHB Nathan Housden 0-0: Called Strike
0-1: Ball
1-1: Ball
2-1: Ball
3-1: Base on Balls
Batting: SHB Roger Dorn 0-0: Ball
1-0: Called Strike
1-1: Ball
2-1: Called Strike
2-2: Ball
3-2: Fly out, F8 (Flyball, 8RD)
Batting: SHB Ezequiel Oacia 0-0: Foul Ball, location: 2F
0-1: SINGLE (Line Drive, 56D)
Amadeo Álvarez to third
Nathan Housden to second
Runner from 3rd tries for Home, SAFE, no throw
Batting: RHB Gary Mosley 0-0: Ball
1-0: SINGLE (Flyball, 7S)
Nathan Housden to third
Ezequiel Oacia to second
Runner from 3rd tries for Home, SAFE, no throw
Batting: RHB Diego Martínez 0-0: Ball
1-0: Called Strike
1-1: Ball
2-1: Swinging Strike
2-2: Ball
3-2: Strikes out swinging
Batting: SHB Jorge Iglésias 0-0: Ball
1-0: Ground out U3 (Groundball, 3)
Bottom of the 3rd over - 2 runs, 3 hits, 0 errors, 2 left on base; Myrtle Beach 0 - Nebraska 3
TOP OF THE 4TH
Myrtle Beach Seahawks batting - Pitching for Nebraska Plainsmen : RHP Peter Livengood
Batting: LHB Marc Ben 0-0: SINGLE (Flyball, 89S)
Batting: RHB Thomas Feliciano 0-0: Fielders Choice at 2nd, 5-4 (Groundball, 5)
Batting: RHB Lucas Gallant 0-0: Ball
1-0: Ball
2-0: Called Strike
2-1: Foul Ball, location: 2F
2-2: Fly out, F3 (Popup, 3F)
Batting: RHB Theo Wrighton Pickoff Throw to First - Error! E1
Thomas Feliciano to second
0-0: Called Strike
0-1: Called Strike
0-2: Strikes out swinging
Top of the 4th over - 0 runs, 1 hit, 1 error, 1 left on base; Myrtle Beach 0 - Nebraska 3
BOTTOM OF THE 4TH
Nebraska Plainsmen batting - Pitching for Myrtle Beach Seahawks : RHP Kyle Overhill
Batting: RHB Adam Jensson 0-0: Ball
1-0: Called Strike
1-1: Called Strike
1-2: DOUBLE (Flyball, 78D)
Pitching: RHP Francisco Deleón
Batting: RHB Tomas van Noord 0-0: Called Strike
0-1: Foul Ball, location: 2F
0-2: Fly out, F9 (Flyball, 9)
Batting: SHB Amadeo Álvarez 0-0: SINGLE (Line Drive, 78S)
Adam Jensson to third
Runner from 3rd tries for Home, SAFE, throw made home
Batting: LHB Nathan Housden 0-0: Ball
Wild Pitch!
Amadeo Álvarez to second
1-0: Called Strike
1-1: Ball
2-1: Ground out 6-3 (Groundball, 6)
Batting: SHB Roger Dorn 0-0: Ball
1-0: Ball
2-0: Foul Ball, location: 2F
2-1: Foul Ball, location: 2F
2-2: Foul Ball, location: 2F
2-2: Foul Ball, location: 2F
2-2: Ball
3-2: Hit by Pitch
Batting: SHB Ezequiel Oacia 0-0: Ball
1-0: Fly out, F2 (Popup, 2LF)
Bottom of the 4th over - 1 run, 2 hits, 0 errors, 2 left on base; Myrtle Beach 0 - Nebraska 4
TOP OF THE 5TH
Myrtle Beach Seahawks batting - Pitching for Nebraska Plainsmen : RHP Peter Livengood
Batting: SHB Faradur Umrani 0-0: DOUBLE (Line Drive, 89XD)
Batting: RHB Bedrettin Suker 0-0: Ball
1-0: Foul Ball, location: 2F
1-1: SINGLE (Groundball, 4MD)
Faradur Umrani to third
Batting: RHB Al Ellis 0-0: Ground out 5-3 (Groundball, 56S)
Faradur Umrani scores
Bedrettin Suker to second
Batting: LHB Augusto Reyes 0-0: Ground out U3 (Groundball, 3)
Bedrettin Suker to third
Batting: SHB Dong-joo Yu 0-0: Ball
1-0: Ball
2-0: Foul Ball, location: 2F
2-1: Called Strike
2-2: Foul Ball, location: 2F
2-2: Strikes out swinging
Top of the 5th over - 1 run, 2 hits, 0 errors, 1 left on base; Myrtle Beach 1 - Nebraska 4
BOTTOM OF THE 5TH
Nebraska Plainsmen batting - Pitching for Myrtle Beach Seahawks : RHP Francisco Deleón
Batting: RHB Gary Mosley 0-0: Called Strike
0-1: Ball
1-1: Ball
2-1: Ball
3-1: Base on Balls
Batting: RHB Diego Martínez 0-0: Called Strike
0-1: Called Strike
0-2: Strikes out looking
Batting: SHB Jorge Iglésias 0-0: DOUBLE (Line Drive, 9LD)
Gary Mosley to third
Batting: RHB Adam Jensson 0-0: Ball
1-0: SINGLE (Line Drive, 4D)
Gary Mosley scores
Jorge Iglésias to third
Batting: RHB Tomas van Noord 0-0: Called Strike
0-1: 3-RUN HOME RUN (Flyball, 7LD), Distance : 380 ft
Batting: SHB Amadeo Álvarez 0-0: Fly out, F9 (Flyball, 9D)
Batting: LHB Nathan Housden 0-0: SINGLE (Groundball, 34D)
Batting: SHB Roger Dorn 0-0: Ball
1-0: Ball
2-0: Ball
3-0: Base on Balls
Nathan Housden to second
Batting: SHB Ezequiel Oacia 0-0: Called Strike
0-1: Swinging Strike
0-2: Ball
1-2: Strikes out swinging
Bottom of the 5th over - 4 runs, 4 hits, 0 errors, 2 left on base; Myrtle Beach 1 - Nebraska 8
TOP OF THE 6TH
Myrtle Beach Seahawks batting - Pitching for Nebraska Plainsmen : RHP Peter Livengood
Batting: LHB Marc Ben 0-0: Ball
1-0: SINGLE (Flyball, 8RS)
Batting: RHB Thomas Feliciano 0-0: Called Strike
Marc Ben steals 2nd base
0-1: Ball
1-1: Ball
2-1: Foul Ball, location: 2F
2-2: Strikes out swinging
Batting: RHB Lucas Gallant 0-0: Called Strike
0-1: Swinging Strike
0-2: Strikes out swinging, 2-3 out at first.
Batting: RHB Theo Wrighton 0-0: Called Strike
0-1: Ball
1-1: Ball
2-1: Ground out 5-3 (Groundball, 56S)
Top of the 6th over - 0 runs, 1 hit, 0 errors, 1 left on base; Myrtle Beach 1 - Nebraska 8
BOTTOM OF THE 6TH
Nebraska Plainsmen batting - Pitching for Myrtle Beach Seahawks : RHP Francisco Deleón
Batting: RHB Gary Mosley 0-0: Called Strike
0-1: Ball
1-1: SINGLE (Line Drive, 78M)
Batting: RHB Diego Martínez 0-0: Foul Ball, location: 2F
0-1: Fly out, F6 (Popup, 6MD)
Batting: SHB Jorge Iglésias 0-0: Fielders Choice at 2nd, 3-6 (Groundball, 3)
Batting: RHB Adam Jensson 0-0: Called Strike
0-1: Ball
1-1: Called Strike
1-2: Ball
2-2: Strikes out swinging
Bottom of the 6th over - 0 runs, 1 hit, 0 errors, 1 left on base; Myrtle Beach 1 - Nebraska 8
TOP OF THE 7TH
Myrtle Beach Seahawks batting - Pitching for Nebraska Plainsmen : RHP Peter Livengood
Batting: SHB Faradur Umrani 0-0: Ball
1-0: Ball
2-0: Ground out 1-3 (Groundball, 13)
Batting: RHB Bedrettin Suker 0-0: Called Strike
0-1: Ball
1-1: Called Strike
1-2: Fly out, F9 (Flyball, 89M)
Batting: RHB Al Ellis 0-0: Called Strike
0-1: Swinging Strike
0-2: Strikes out swinging
Top of the 7th over - 0 runs, 0 hits, 0 errors, 0 left on base; Myrtle Beach 1 - Nebraska 8
BOTTOM OF THE 7TH
Nebraska Plainsmen batting - Pitching for Myrtle Beach Seahawks : RHP Francisco Deleón
Batting: RHB Tomas van Noord 0-0: SINGLE (Line Drive, 6MD)
Batting: SHB Amadeo Álvarez 0-0: Fly out, F7 (Flyball, 7S)
Batting: LHB Nathan Housden 0-0: Ball
1-0: Foul Ball, location: 2F
1-1: SINGLE (Groundball, 4) (infield hit)
Tomas van Noord to second
Batting: SHB Roger Dorn 0-0: Ball
1-0: Fly out, F8 (Flyball, 8LD)
Batting: SHB Ezequiel Oacia 0-0: Ball
1-0: Ball
2-0: Ground out 6-3 (Groundball, 6M)
Bottom of the 7th over - 0 runs, 2 hits, 0 errors, 2 left on base; Myrtle Beach 1 - Nebraska 8
TOP OF THE 8TH
Myrtle Beach Seahawks batting - Pitching for Nebraska Plainsmen : RHP Peter Livengood
Now at 3B: José Durán
Now in CF: Juan Martínez
Batting: LHB Augusto Reyes 0-0: Ball
1-0: Fly out, F8 (Flyball, 8RS)
Batting: SHB Dong-joo Yu 0-0: Ball
1-0: Ball
2-0: Foul Ball, location: 2F
2-1: Foul Ball, location: 2F
2-2: Ball
3-2: Foul Ball, location: 2F
3-2: Fly out, F7 (Flyball, 78S)
Batting: LHB Marc Ben 0-0: Ball
1-0: SINGLE (Line Drive, 89S)
Batting: RHB Thomas Feliciano 0-0: Ball
1-0: Called Strike
1-1: Ball
2-1: Foul Ball, location: 2F
2-2: Ground out 4-3 (Groundball, 34)
Top of the 8th over - 0 runs, 1 hit, 0 errors, 1 left on base; Myrtle Beach 1 - Nebraska 8
BOTTOM OF THE 8TH
Nebraska Plainsmen batting - Pitching for Myrtle Beach Seahawks : RHP Francisco Deleón
Batting: RHB Gary Mosley 0-0: DOUBLE (Groundball, 5L)
Batting: RHB Diego Martínez 0-0: Called Strike
0-1: Ball
1-1: SINGLE (Flyball, 78S)
Gary Mosley to third
Runner from 3rd tries for Home, SAFE, no throw
Pitching: LHP Hai-dong Lang
Batting: SHB Jorge Iglésias 0-0: Ball
1-0: Ball
2-0: Ball
3-0: Base on Balls
Diego Martínez to second
Batting: RHB Adam Jensson 0-0: Ball
1-0: Called Strike
1-1: TRIPLE (Line Drive, 9D)
Diego Martínez scores
Jorge Iglésias scores
Batting: RHB Tomas van Noord 0-0: Ball
1-0: Foul Ball, location: 2F
1-1: SINGLE (Popup, 25)
Adam Jensson scores
Batting: RHB Juan Martínez 0-0: Ball
1-0: SINGLE (Groundball, 56D)
Tomas van Noord to second
Batting: LHB Nathan Housden 0-0: Called Strike
0-1: Ball
1-1: Ball
2-1: Called Strike
2-2: SINGLE (Groundball, 4S) (infield hit)
Tomas van Noord to third
Juan Martínez to second
Batting: RHB José Durán 0-0: Ball
1-0: Grounds into double play, 6-4-3 (Groundball, 6)
Tomas van Noord scores
Juan Martínez to third
Batting: SHB Ezequiel Oacia 0-0: Ball
1-0: Called Strike
1-1: Ball
2-1: Swinging Strike
2-2: Strikes out swinging
Bottom of the 8th over - 5 runs, 6 hits, 0 errors, 1 left on base; Myrtle Beach 1 - Nebraska 13
TOP OF THE 9TH
Myrtle Beach Seahawks batting - Pitching for Nebraska Plainsmen : RHP Peter Livengood
Batting: RHB Lucas Gallant 0-0: Ball
1-0: Ball
2-0: Called Strike
2-1: Foul Ball, location: 2F
2-2: Foul Ball, location: 2F
2-2: Strikes out looking
Batting: RHB Theo Wrighton 0-0: Ball
1-0: Called Strike
1-1: Ball
2-1: Ball
3-1: Base on Balls
Pitching: LHP Esteban Allucingoli
Batting: SHB Faradur Umrani 0-0: Ball
1-0: Swinging Strike
1-1: Ball
2-1: Foul Ball, location: 2F
2-2: Ball
3-2: Strikes out swinging
Batting: RHB Bedrettin Suker 0-0: Ball
1-0: Ball
2-0: Called Strike
2-1: Swinging Strike
2-2: Foul Ball, location: 2F
2-2: Reached on error, E6 (Groundball, 6)
Theo Wrighton to second
Batting: RHB Al Ellis 0-0: Called Strike
0-1: Ball
1-1: Ball
2-1: Ball
3-1: Fielders Choice at 2nd, 6-4 (Groundball, 6)
Top of the 9th over - 0 runs, 0 hits, 1 error, 2 left on base; Myrtle Beach 1 - Nebraska 13
Wednesday, September 19th, 2018 - OOTP Baseball 18.8 Build 76